 Dungeon Crawl Stone Soup version 0.29.0-15-g675c0067aa (webtiles) character file.

Game seed: 9596775238013450152

12275 qw the Cleaver (level 11, -1/78 HPs)
             Began as a Gargoyle Fighter on Sept 12, 2022.
             Was an Elder of Okawaru.
             Slain by a polar bear (7 damage)
             ... on level 1 of the Lair of Beasts.
             The game lasted 00:03:34 (9433 turns).

qw the Cleaver (Gargoyle Fighter)                   Turns: 9433, Time: 00:03:34

Health: -1/78      AC: 24    Str: 35    XL:     11   Next: 90%
Magic:  15/15      EV:  8    Int:  7    God:    Okawaru [****..]
Gold:   731        SH: 10    Dex:  8    Spells: 10/10 levels left

rFire   . . .      SeeInvis .   Y - +0 war axe (flame)
rCold   + . .      Faith    .   j - +0 kite shield
rNeg    + . .      Spirit   .   l - +0 chain mail
rPois   inf        Reflect  .   (no helmet)
rElec   +          Harm     .   e - +2 cloak of the Nexus {rPois}
rCorr   .          Rampage  .   (no gloves)
Will    .....                   f - +2 pair of boots
Stlth   ..........              (no amulet)
HPRegen 0.23/turn               g - ring of protection from cold
MPRegen 0.14/turn               n - +6 ring of strength

@: about to teleport
A: sickness immunity, AC +8, negative energy resistance 1, electricity
resistance, torment resistance 1, petrification resistance, robust 1, strong 1
a: Renounce Religion, Heroism, Finesse


You were on level 1 of the Lair of Beasts.
You worshipped Okawaru.
Okawaru was greatly pleased with you.
You visited 3 branches of the dungeon, and saw 10 of its levels.
You also visited: Ossuary.

You collected 1070 gold pieces.
You spent 339 gold pieces at shops.


Innate Abilities, Weirdness & Mutations

You are immune to sickness and miasma.
Your stone body is resilient. (AC +8)
You are immune to poison.
You resist negative energy. (rN+)
You are resistant to electric shocks. (rElec)
You are resistant to unholy torment.
You are immune to petrification.
You are robust. (+10% HP)
Your muscles are strong. (Str +4, Int/Dex -1)


   Skills:
 - Level 9.0 Fighting
 + Level 11.2 Axes
 - Level 2.7 Throwing
 - Level 6.2 Armour
 - Level 2.2 Dodging
 - Level 10.0 Shields
 + Level 6.0 Invocations


You had 10 spell levels left.
You didn't know any spells.
Your spell library was empty.

Inventory:

Hand Weapons
 Y - a +0 war axe of flaming (weapon)
Missiles
 k - a boomerang (quivered)
Armour
 a - the +0 buckler of the Eleven Olives {rF+ Will+ Str-3 SInv}
   (You acquired it on level 1 of the Dungeon)

   Str:       It affects your strength (-3).
   rF:        It protects you from fire.
   SInv:      It lets you see invisible.
   Will:      It increases your willpower.
 e - the +2 cloak of the Nexus (worn) {rPois}
   (You found it on level 3 of the Dungeon)

   rPois:     It protects you from poison.
 f - a +2 pair of boots (worn)
 j - a +0 kite shield (worn)
 l - a +0 chain mail (worn)
Jewellery
 g - a ring of protection from cold (left hand)
 n - a +6 ring of strength (right hand)
Scrolls
 b - 3 scrolls of identify
 t - a scroll of enchant armour
Potions
 d - 8 potions of might
 h - 7 potions of curing
 i - 2 potions of mutation
 m - a potion of resistance
 o - a potion of haste
 p - 2 potions of heal wounds
 q - a potion of magic {unknown}
 r - 2 potions of attraction

Dungeon Overview and Level Annotations

Branches:
Dungeon (8/15)             Temple (1/1) D:6            Lair (1/5) D:8
Ossuary (visited)

Altars:
Ashenzari
Dithmenos
Elyvilon
Fedhas
Gozag
Hepliaklqana
Makhleb
Nemelex Xobeh
Okawaru
Qazlal
Ru
Sif Muna
Trog
Uskayaw
Vehumet
Wu Jian
Xom
Yredelemnul
Zin

Shops:
D:4 *((*(   D:6 (

Annotations:
D:3 1 runed translucent door, qw's ghost, amateur GrFi
Lair:1 3 runed translucent doors, qw's ghost, journeyman GrFi


Message History

Something appears at your feet!
You hit the cane toad. You burn the cane toad.
You hit the komodo dragon but do no damage.
The cane toad stings you!
Qw's ghost wails, "You will never get the ORB!"
The yak barely misses you. You block the yak's attack.
You hit the komodo dragon. You burn the komodo dragon.
The komodo dragon is almost dead.
You barely miss the yak. You hit the yak but do no damage. You slash the yak!
You burn the yak. You closely miss the cane toad.
The komodo dragon closely misses you. You block the cane toad's attack.
You hit the komodo dragon. You burn the komodo dragon.
You kill the komodo dragon!
Okawaru accepts your kill.
You completely miss the yak. You slice the yak!! You burn the yak.
You hit the yak. You burn the yak. You slash the cane toad!
You burn the cane toad. You block the yak's attack. The yak gores you!
The yak gores you but does no damage.
The cane toad stings you but does no damage.
You slash the yak! You burn the yak.
You kill the yak!
Okawaru accepts your kill.
You slash the yak! You burn the yak. You closely miss the cane toad.
You completely miss the yak. The yak closely misses you.
A yak comes into view.
The yak gores you! You block the cane toad's attack.
You hit the yak. You burn the yak.
You kill the yak!
Okawaru accepts your kill.
You closely miss the cane toad. You slash the yak! You burn the yak.
You feel like a meek peon again. You block the yak's attack.
The cane toad stings you!
Your Invocations skill increases to level 6!
9433 ||| READING scroll of teleportation.
As you read the scroll of teleportation, it crumbles to dust.
You feel strangely unstable. The yak gores you but does no damage.
The yak barely misses you. The polar bear bites you!
You die...

#.##P77##.###..#
#.#.$..7 #......
###.+...$. #..##.#
#...+..).. #.# ###
#.#.+D... #.##### (
#...#WD ##.##.## (..
##...## ##.......
.Y...#Y%...#####........
......Y@F.....#.........
......F%h...............
........................
........................
........................
........................
.....................(..
....((..................
.................


You could see 2 nine-headed hydras, a polar bear, 3 yaks, a cane toad, a
bullfrog and qw's ghost.

Vanquished Creatures
  A boulder beetle (D:6)
  A hydra (Lair:1)
  An ugly thing (D:6)
  3 cyclopes (D:6)
  An elephant (D:8)
  2 cane toads (Lair:1)
  An unseen horror (D:6)
  2 komodo dragons (Lair:1)
  A hornet (D:8)
  A polar bear (Lair:1)
  20 yaks
  A shadow (D:6)
  2 basilisks (D:8)
  A steam dragon (D:8)
  4 water moccasins
  2 black bears
  3 ice beasts
  A sky beast (D:6)
  2 ogres
  4 centaurs
  A phantom (D:5)
  2 kobold brigands (D:8)
  Blork the orc (D:4)
  4 elf zombies (Ossuary)
  6 bullfrogs
  2 scorpions (D:5)
  4 necrophages
  5 wights (D:6)
  5 killer bees (D:8)
  4 centaur zombies (Ossuary)
  5 hounds
  A jelly (D:5)
  4 human zombies (Ossuary)
  3 orc priests (D:5)
  A gnoll bouda (D:4)
  Terence (D:3)
  2 iguanas
  6 orc wizards
  3 mummies (Ossuary)
  A howler monkey zombie (D:3)
  5 gnolls
  12 adders
  2 white imps
  A worm (D:3)
  3 dart slugs
  30 orcs
  5 bats
  4 endoplasms
  2 giant cockroaches (D:3)
  7 goblins
  4 hobgoblins
  A quokka (D:4)
  5 ball pythons
  A ball python zombie (D:3)
  5 frilled lizards
  15 kobolds
  7 rats
224 creatures vanquished.

Vanquished Creatures (others)
  A fungus (Lair:1)
  A plant (D:1)
  3 withered plants (D:1)
5 creatures vanquished.

Grand Total: 229 creatures vanquished

Notes
Turn   | Place    | Note
-------+----------+-------------------------------------------
     0 | D:1      | qw the Gargoyle Fighter began the quest for the Orb.
     0 | D:1      | Reached XP level 1. HP: 14/14 MP: 1/1
     0 | D:1      | 0 ||| qw: Version: 0.1-a-119-g272c26d
     0 | D:1      | 0 ||| qw: Game counter: 10782
     0 | D:1      | 0 ||| qw: Always use a shield: true
     0 | D:1      | 0 ||| qw: God list: Okawaru
     0 | D:1      | 0 ||| qw: Allow faded altars: false
     0 | D:1      | 0 ||| qw: Do Orc after D:15 true
     0 | D:1      | 0 ||| qw: Do second Lair branch before Depths: true
     0 | D:1      | 0 ||| qw: Lair rune preference: random
     0 | D:1      | 0 ||| qw: Plans: Normal, Zot, God:TSO, Crypt, Tomb, Pan,
                  | Slime, Hells, Zig, Abyss, Orb
     0 | D:1      | 0 ||| PLANNING D:1-11
   181 | D:1      | Reached skill level 2 in Axes
   314 | D:1      | 314 ||| Stepping ~*~*~tactically~*~*~ (stealth).
   315 | D:1      | 315 ||| Stepping ~*~*~tactically~*~*~ (stealth).
   322 | D:1      | Reached XP level 2. HP: 15/19 MP: 2/2
   637 | D:1      | Found a faded altar of an unknown god.
   893 | D:1      | 893 ||| DROPPING +0 club.
   901 | D:1      | 901 ||| UPGRADING to +0 pair of boots.
   906 | D:1      | 906 ||| UPGRADING to +0 chain mail.
   916 | D:1      | 916 ||| DROPPING +0 scale mail.
   917 | D:1      | 917 ||| UPGRADING to ring of protection from cold.
   918 | D:1      | 918 ||| READING scroll labelled EQUEPI XORURU.
   918 | D:1      | Identified a scroll of acquirement
   918 | D:1      | 918 ||| ACQUIRING +0 buckler of the Eleven Olives {rF+
                  | Will+ Str-3 SInv}
   918 | D:1      | Acquired the +0 buckler of the Eleven Olives {rF+ Will+
                  | Str-3 SInv}
   920 | D:1      | 920 ||| UPGRADING to +0 buckler of the Eleven Olives {rF+
                  | Will+ Str-3 SInv}.
   930 | D:1      | 930 ||| READING scroll labelled WABIKK WEPOEQU.
   931 | D:1      | 931 ||| READING scroll labelled BUSCHO WINKU.
   932 | D:1      | 932 ||| DRINKING 2 red potions.
   943 | D:2      | Reached skill level 3 in Axes
   943 | D:2      | Reached XP level 3. HP: 23/23 MP: 3/3
   971 | D:2      | 971 ||| Stepping ~*~*~tactically~*~*~ (stealth).
   981 | D:2      | 981 ||| Stepping ~*~*~tactically~*~*~ (hiding).
   984 | D:2      | 984 ||| Stepping ~*~*~tactically~*~*~ (hiding).
  1228 | D:2      | Reached skill level 1 in Throwing
  1264 | D:2      | Found the +6 Majin-Bo {vamp, MP+6 Int+6}
  1397 | D:2      | Reached XP level 4. HP: 27/28 MP: 4/4
  1515 | D:2      | 1515 ||| READING scroll labelled ZUONOE WEDEUDE.
  1516 | D:2      | 1516 ||| READING scroll labelled UDOCZA GINA.
  1517 | D:2      | 1517 ||| DRINKING 2 fuming coppery potions.
  1517 | D:2      | Gained mutation: You sometimes lose your temper in combat.
                  | [potion of mutation]
  1517 | D:2      | Gained mutation: You are frail. (-10% HP) [potion of
                  | mutation]
  1517 | D:2      | Gained mutation: You have large cloven feet. [potion of
                  | mutation]
  1518 | D:2      | 1518 ||| DRINKING potion of mutation.
  1518 | D:2      | Lost mutation: You sometimes lose your temper in combat.
                  | [potion of mutation]
  1518 | D:2      | Lost mutation: You have large cloven feet. [potion of
                  | mutation]
  1518 | D:2      | Lost mutation: You are frail. (-10% HP) [potion of
                  | mutation]
  1518 | D:2      | Gained mutation: You are robust. (+10% HP) [potion of
                  | mutation]
  1518 | D:2      | Gained mutation: Your muscles are strong. (Str +4, Int/Dex
                  | -1) [potion of mutation]
  1618 | D:3      | Noticed qw's ghost (amateur GrFi)
  1630 | D:3      | Found a runed translucent door.
  1631 | D:3      | 1631 ||| Stepping ~*~*~tactically~*~*~ (stealth).
  1632 | D:3      | 1632 ||| Stepping ~*~*~tactically~*~*~ (stealth).
  1725 | D:3      | Noticed Terence
  1728 | D:3      | 1728 ||| Stepping ~*~*~tactically~*~*~ (stealth).
  1733 | D:3      | Killed Terence
  1734 | D:3      | Reached skill level 4 in Axes
  1767 | D:3      | 1767 ||| DROPPING +0 mace.
  2046 | D:3      | 2046 ||| UPGRADING to +6 ring of strength.
  2047 | D:3      | 2047 ||| READING scroll labelled ESIFANO TUXOYPT.
  2058 | D:3      | Reached XP level 5. HP: 35/35 MP: 5/5
  2093 | D:3      | 2093 ||| Stepping ~*~*~tactically~*~*~ (stealth).
  2094 | D:3      | 2094 ||| Stepping ~*~*~tactically~*~*~ (stealth).
  2244 | D:3      | Identified the +2 cloak of the Nexus {rPois}
  2270 | D:3      | Found a basalt altar of Yredelemnul.
  2449 | D:3      | 2449 ||| UPGRADING to +2 cloak of the Nexus {rPois}.
  2454 | D:3      | 2454 ||| READING scroll labelled IRADDAHUWO.
  2455 | D:3      | 2455 ||| READING scroll labelled PUBLIKLIETH.
  2492 | D:4      | Found Fukogu Noat's Assorted Antiques.
  2500 | D:4      | 2500 ||| BUYING 2 potions of curing (156 gold).
  2500 | D:4      | Bought 2 potions of curing for 156 gold pieces
  2500 | D:4      | 2500 ||| SHOPLISTING glowing hat (182 gold, have 42).
  2500 | D:4      | 2500 ||| SHOPLISTING potion of mutation (208 gold, have
                  | 42).
  2500 | D:4      | 2500 ||| SHOPLISTING scroll of teleportation (78 gold, have
                  | 42).
  2500 | D:4      | 2500 ||| BUYING silvery potion (23 gold).
  2500 | D:4      | Bought a silvery potion for 23 gold pieces
  2550 | D:4      | 2550 ||| READING scroll of enchant armour.
  2550 | D:4      | 2550 ||| ENCHANTING +0 pair of boots.
  2562 | D:4      | Found Vunuiraf's Assorted Antiques.
  2579 | D:4      | 2579 ||| BUYING 2 amethyst potions (32 gold).
  2579 | D:4      | Bought 2 amethyst potions for 32 gold pieces
  2579 | D:4      | 2579 ||| SHOPLISTING pitted war axe (153 gold, have 4).
  2579 | D:4      | 2579 ||| SHOPLISTING potion of curing (54 gold, have 4).
  2579 | D:4      | 2579 ||| SHOPLISTING potion of might (72 gold, have 4).
  2579 | D:4      | 2579 ||| SHOPLISTING scroll labelled EREITHR RIPSOSH (18
                  | gold, have 4).
  2579 | D:4      | 2579 ||| SHOPLISTING sedimented white potion (16 gold, have
                  | 4).
  2730 | D:4      | Found Ecuoddif's Weapon Emporium.
  2812 | D:4      | 2812 ||| Stepping ~*~*~tactically~*~*~ (hiding).
  2962 | D:4      | Found Tun Qiqanagh's Antique Weapon Emporium.
  2971 | D:4      | 2971 ||| SHOPLISTING runed morningstar (119 gold, have 32).
  3029 | D:4      | Noticed Blork the orc
  3032 | D:4      | Reached skill level 5 in Axes
  3037 | D:4      | Killed Blork the orc
  3038 | D:4      | Reached XP level 6. HP: 12/41 MP: 6/6
  3039 | D:4      | Noticed a yak
  3040 | D:4      | 3040 ||| Stepping ~*~*~tactically~*~*~ (stealth).
  3041 | D:4      | Noticed a yak
  3042 | D:4      | Noticed a yak
  3044 | D:4      | Noticed a yak
  3045 | D:4      | Noticed a yak
  3046 | D:4      | 3046 ||| FLEEEEING.
  3047 | D:4      | 3047 ||| FLEEEEING.
  3048 | D:4      | 3048 ||| FLEEEEING.
  3049 | D:4      | 3049 ||| FLEEEEING.
  3050 | D:4      | 3050 ||| FLEEEEING.
  3051 | D:4      | 3051 ||| FLEEEEING.
  3052 | D:4      | 3052 ||| FLEEEEING.
  3053 | D:4      | 3053 ||| FLEEEEING.
  3054 | D:4      | 3054 ||| FLEEEEING.
  3055 | D:4      | 3055 ||| FLEEEEING.
  3056 | D:4      | 3056 ||| FLEEEEING.
  3057 | D:4      | 3057 ||| FLEEEEING.
  3058 | D:4      | 3058 ||| FLEEEEING.
  3059 | D:4      | 3059 ||| FLEEEEING.
  3060 | D:4      | 3060 ||| FLEEEEING.
  3061 | D:4      | 3061 ||| FLEEEEING.
  3062 | D:4      | 3062 ||| FLEEEEING.
  3063 | D:4      | 3063 ||| FLEEEEING.
  3064 | D:4      | 3064 ||| FLEEEEING.
  3065 | D:4      | 3065 ||| FLEEEEING.
  3066 | D:4      | 3066 ||| FLEEEEING.
  3067 | D:4      | 3067 ||| FLEEEEING.
  3068 | D:4      | 3068 ||| FLEEEEING.
  3069 | D:4      | 3069 ||| FLEEEEING.
  3070 | D:4      | 3070 ||| FLEEEEING.
  3073 | D:4      | 3073 ||| FLEEEEING.
  3074 | D:4      | 3074 ||| FLEEEEING.
  3075 | D:4      | 3075 ||| FLEEEEING.
  3076 | D:4      | 3076 ||| FLEEEEING.
  3079 | D:4      | 3079 ||| FLEEEEING.
  3083 | D:4      | 3083 ||| FLEEEEING.
  3084 | D:4      | 3084 ||| FLEEEEING.
  3085 | D:4      | 3085 ||| FLEEEEING.
  3086 | D:4      | 3086 ||| FLEEEEING.
  3087 | D:4      | 3087 ||| FLEEEEING.
  3088 | D:4      | 3088 ||| FLEEEEING.
  3089 | D:4      | 3089 ||| FLEEEEING.
  3090 | D:4      | 3090 ||| FLEEEEING.
  3091 | D:4      | 3091 ||| FLEEEEING.
  3092 | D:4      | 3092 ||| FLEEEEING.
  3093 | D:4      | 3093 ||| FLEEEEING.
  3094 | D:4      | 3094 ||| FLEEEEING.
  3095 | D:4      | 3095 ||| FLEEEEING.
  3096 | D:4      | 3096 ||| FLEEEEING.
  3099 | D:4      | 3099 ||| FLEEEEING.
  3100 | D:4      | 3100 ||| FLEEEEING.
  3101 | D:4      | 3101 ||| FLEEEEING.
  3102 | D:4      | 3102 ||| FLEEEEING.
  3103 | D:4      | 3103 ||| FLEEEEING.
  3110 | D:4      | 3110 ||| FLEEEEING.
  3111 | D:4      | 3111 ||| FLEEEEING.
  3112 | D:4      | 3112 ||| FLEEEEING.
  3113 | D:4      | 3113 ||| FLEEEEING.
  3114 | D:4      | 3114 ||| FLEEEEING.
  3115 | D:4      | 3115 ||| FLEEEEING.
  3116 | D:4      | 3116 ||| FLEEEEING.
  3117 | D:4      | 3117 ||| FLEEEEING.
  3118 | D:4      | 3118 ||| FLEEEEING.
  3119 | D:4      | 3119 ||| FLEEEEING.
  3120 | D:4      | 3120 ||| FLEEEEING.
  3121 | D:4      | 3121 ||| FLEEEEING.
  3123 | D:4      | 3123 ||| FLEEEEING.
  3124 | D:4      | 3124 ||| FLEEEEING.
  3125 | D:4      | 3125 ||| FLEEEEING.
  3126 | D:4      | 3126 ||| FLEEEEING.
  3127 | D:4      | 3127 ||| FLEEEEING.
  3128 | D:4      | 3128 ||| FLEEEEING.
  3129 | D:4      | 3129 ||| FLEEEEING.
  3130 | D:4      | 3130 ||| FLEEEEING.
  3131 | D:4      | 3131 ||| FLEEEEING.
  3132 | D:4      | 3132 ||| FLEEEEING.
  3133 | D:4      | 3133 ||| STAIRDANCE
  3277 | D:3      | 3277 ||| READING scroll labelled XAVAEV GETAIQ.
  3278 | D:3      | 3278 ||| READING scroll labelled RIECLA XOUNIDGH.
  3279 | D:3      | 3279 ||| DRINKING 2 amethyst potions.
  3280 | D:3      | 3280 ||| READING 3 scrolls of identify.
  3280 | D:3      | 3280 ||| IDENTIFYING silvery potion
  3281 | D:3      | 3281 ||| READING 2 scrolls of identify.
  3281 | D:3      | 3281 ||| IDENTIFYING inky potion
  3282 | D:3      | 3282 ||| DROPPING potion of brilliance.
  3283 | D:3      | 3283 ||| DROPPING potion of flight.
  3629 | D:4      | Killed a yak
  3630 | D:4      | Reached skill level 6 in Axes
  3630 | D:4      | Reached XP level 7. HP: 38/47 MP: 7/7
  3637 | D:4      | Killed a yak
  3648 | D:4      | Killed a yak
  3790 | D:4      | Found Wadofoog's Weapon Boutique.
  3851 | D:5      | Entered Level 5 of the Dungeon
  3857 | D:5      | 3857 ||| Stepping ~*~*~tactically~*~*~ (stealth).
  3859 | D:5      | 3859 ||| Stepping ~*~*~tactically~*~*~ (hiding).
  3931 | D:5      | 3931 ||| Stepping ~*~*~tactically~*~*~ (stealth).
  3935 | D:5      | Reached skill level 7 in Axes
  3937 | D:5      | 3937 ||| Stepping ~*~*~tactically~*~*~ (stealth).
  3938 | D:5      | 3938 ||| Stepping ~*~*~tactically~*~*~ (stealth).
  3941 | D:5      | 3941 ||| Stepping ~*~*~tactically~*~*~ (stealth).
  3968 | D:5      | Reached XP level 8. HP: 24/52 MP: 8/8
  4317 | D:5      | 4317 ||| Stepping ~*~*~tactically~*~*~ (stealth).
  4526 | D:6      | 4526 ||| PLANNING OSSUARY
  4570 | D:6      | Reached skill level 8 in Axes
  4675 | D:6      | Reached skill level 6 in Fighting
  4810 | D:6      | 4810 ||| FLEEEEING.
  4811 | D:6      | 4811 ||| FLEEEEING.
  4812 | D:6      | 4812 ||| FLEEEEING.
  4813 | D:6      | 4813 ||| FLEEEEING.
  4820 | D:6      | 4820 ||| FLEEEEING.
  4828 | D:6      | Reached XP level 9. HP: 56/60 MP: 9/9
  4882 | D:6      | Found a sand-covered staircase.
  4883 | D:6      | 4883 ||| READING scroll labelled LIZXAD FECITHI.
  4884 | D:6      | 4884 ||| READING 2 scrolls of identify.
  4884 | D:6      | 4884 ||| IDENTIFYING puce potion
  4885 | D:6      | 4885 ||| DROPPING potion of ambrosia.
  4887 | D:6      | 4887 ||| Stepping ~*~*~tactically~*~*~ (hiding).
  4888 | D:6      | 4888 ||| Stepping ~*~*~tactically~*~*~ (hiding).
  4967 | Ossuary  | Entered an ossuary
  5028 | Ossuary  | Reached skill level 9 in Axes
  5145 | Ossuary  | 5145 ||| READING scroll of enchant armour.
  5145 | Ossuary  | 5145 ||| ENCHANTING +1 pair of boots.
  5250 | Ossuary  | 5250 ||| READING scroll labelled EREITHR RIPSOSH.
  5251 | Ossuary  | 5251 ||| DRINKING 2 golden potions.
  5252 | Ossuary  | 5252 ||| DRINKING 2 clear potions.
  5264 | D:6      | 5264 ||| PLANNING D:1-11
  5305 | D:6      | Found a staircase to the Ecumenical Temple.
  5306 | D:6      | 5306 ||| PLANNING TEMPLE
  5306 | D:6      | 5306 ||| DROPPING orb of mayhem.
  5307 | D:6      | 5307 ||| DROPPING ring of wizardry.
  5308 | D:6      | 5308 ||| READING 2 scrolls of identify.
  5308 | D:6      | 5308 ||| IDENTIFYING murky silvery potion
  5309 | D:6      | 5309 ||| DROPPING potion of degeneration.
  5315 | Temple   | Entered the Ecumenical Temple
  5349 | Temple   | 5349 ||| PLANNING D:1-11
  5360 | Temple   | Became a worshipper of Warmaster Okawaru
  5734 | D:6      | Found Hakheilo's Antique Weapon Boutique.
  5791 | D:6      | 5791 ||| BUYING morningstar (128 gold).
  5791 | D:6      | Bought a morningstar for 128 gold pieces
  5791 | D:6      | 5791 ||| DROPPING +0 flail of protection.
  6029 | D:6      | 6029 ||| READING scroll labelled YSYWEI QEJIXT.
  6030 | D:6      | 6030 ||| READING 2 scrolls of identify.
  6030 | D:6      | 6030 ||| IDENTIFYING glowing yellow potion
  6316 | D:5      | 6316 ||| DROPPING +0 buckler.
  6317 | D:5      | 6317 ||| UPGRADING to +0 kite shield.
  6365 | D:7      | 6365 ||| STAIRDANCE
  6589 | D:7      | Reached * piety under Okawaru
  6590 | D:7      | Reached skill level 6 in Shields
  6796 | D:7      | Found a glowing silver altar of Zin.
  6796 | D:7      | Found an opulent altar of Gozag.
  6796 | D:7      | Found a burning altar of Makhleb.
  7291 | D:7      | 7291 ||| READING scroll labelled HUV LEOXOJ.
  7421 | D:6      | Reached skill level 1 in Invocations
  7421 | D:6      | Reached XP level 10. HP: 69/69 MP: 10/10
  7431 | D:6      | 7431 ||| INVOKING Heroism.
  7432 | D:6      | 7432 ||| Stepping ~*~*~tactically~*~*~ (stealth).
  7435 | D:6      | Noticed a cyclops
  7442 | D:6      | 7442 ||| INVOKING Heroism.
  7456 | D:6      | Killed a cyclops
  7457 | D:6      | Reached skill level 3 in Invocations
  7666 | D:6      | Noticed a cyan ugly thing
  7667 | D:6      | 7667 ||| Stepping ~*~*~tactically~*~*~ (stealth).
  7673 | D:6      | 7673 ||| Stepping ~*~*~tactically~*~*~ (stealth).
  7678 | D:6      | Noticed a cyclops
  7678 | D:6      | Noticed a boulder beetle
  7679 | D:6      | 7679 ||| INVOKING Heroism.
  7687 | D:6      | Killed an unseen horror
  7693 | D:6      | Killed a cyan ugly thing
  7693 | D:6      | Reached ** piety under Okawaru
  7693 | D:6      | Killed a cyclops
  7701 | D:6      | 7701 ||| INVOKING Heroism.
  7736 | D:6      | Killed a boulder beetle
  7737 | D:6      | Reached skill level 9 in Shields
  8077 | D:6      | 8077 ||| Stepping ~*~*~tactically~*~*~ (stealth).
  8086 | D:6      | 8086 ||| Stepping ~*~*~tactically~*~*~ (stealth).
  8095 | D:6      | Noticed a cyclops
  8096 | D:6      | 8096 ||| INVOKING Heroism.
  8104 | D:6      | Killed a cyclops
  8105 | D:6      | Reached skill level 10 in Axes
  8181 | D:8      | 8181 ||| Stepping ~*~*~tactically~*~*~ (stealth).
  8182 | D:8      | 8182 ||| Stepping ~*~*~tactically~*~*~ (stealth).
  8184 | D:8      | 8184 ||| Stepping ~*~*~tactically~*~*~ (stealth).
  8189 | D:8      | 8189 ||| INVOKING Heroism.
  8196 | D:8      | Reached XP level 11. HP: 68/74 MP: 11/14
  8253 | D:8      | Reached *** piety under Okawaru
  8265 | D:8      | 8265 ||| INVOKING Heroism.
  8380 | D:8      | 8380 ||| Stepping ~*~*~tactically~*~*~ (hiding).
  8381 | D:8      | 8381 ||| INVOKING Heroism.
  8408 | D:8      | Found a staircase to the Lair.
  8411 | D:8      | 8411 ||| INVOKING Heroism.
  8421 | D:8      | Reached skill level 11 in Axes
  8580 | D:8      | 8580 ||| Stepping ~*~*~tactically~*~*~ (hiding).
  8581 | D:8      | 8581 ||| Stepping ~*~*~tactically~*~*~ (hiding).
  8592 | D:8      | 8592 ||| Stepping ~*~*~tactically~*~*~ (stealth).
  8594 | D:8      | 8594 ||| Stepping ~*~*~tactically~*~*~ (hiding).
  8598 | D:8      | 8598 ||| INVOKING Heroism.
  8657 | D:8      | 8657 ||| Stepping ~*~*~tactically~*~*~ (stealth).
  8662 | D:8      | 8662 ||| INVOKING Heroism.
  8875 | D:8      | 8875 ||| READING scroll of brand weapon.
  8875 | D:8      | 8875 ||| BRANDING +0 vorpal war axe.
  8876 | D:8      | 8876 ||| DROPPING +0 morningstar.
  9005 | D:8      | 9005 ||| PLANNING LAIR
  9005 | D:8      | 9005 ||| DROPPING ring of magical power.
  9031 | Lair:1   | Entered Level 1 of the Lair of Beasts
  9078 | Lair:1   | 9078 ||| Stepping ~*~*~tactically~*~*~ (stealth).
  9156 | Lair:1   | 9156 ||| Stepping ~*~*~tactically~*~*~ (stealth).
  9157 | Lair:1   | 9157 ||| Stepping ~*~*~tactically~*~*~ (stealth).
  9165 | Lair:1   | 9165 ||| INVOKING Heroism.
  9238 | Lair:1   | 9238 ||| INVOKING Heroism.
  9245 | Lair:1   | Received a gift from Okawaru
  9246 | Lair:1   | Reached skill level 6 in Armour
  9387 | Lair:1   | Found a runed translucent gate.
  9387 | Lair:1   | Found a runed translucent gate.
  9387 | Lair:1   | Found a runed translucent gate.
  9389 | Lair:1   | Noticed qw's ghost (journeyman GrFi)
  9390 | Lair:1   | Noticed a nine-headed hydra
  9391 | Lair:1   | Noticed a nine-headed hydra
  9393 | Lair:1   | 9393 ||| INVOKING Heroism.
  9407 | Lair:1   | Noticed an eight-headed hydra
  9416 | Lair:1   | Killed a five-headed hydra
  9416 | Lair:1   | Reached **** piety under Okawaru
  9423 | Lair:1   | Reached skill level 9 in Fighting
  9428 | Lair:1   | Received a gift from Okawaru
  9432 | Lair:1   | HP: 6/78 [cane toad (15)]
  9433 | Lair:1   | Reached skill level 6 in Invocations
  9433 | Lair:1   | 9433 ||| READING scroll of teleportation.
  9433 | Lair:1   | Slain by a polar bear

Levels and vault maps discovered:
D:1:      dpeg_arrival_boxes_within_box, layout_loops_ring,
          shapermc_ecumenical_altar_flowoftime
D:2:      layout_rooms
D:3:      layout_loops_ring, lemuel_zombie_altar_yredelemnul,
          hellmonk_ghost_happy_afterlife, uniq_terence
D:4:      layout_loops_corners, serial_shops, nicolae_shop_bloodbath_and_beyond,
          shop, nicolae_shop_overgrown_old_shop, nicolae_shop_crystal, shop,
          uniq_blork_the_orc
D:5:      layout_basic, minmay_misc_feat_alley
D:6:      minmay_klotski, layout_cave_pods, minmay_temple_entry_waves,
          nicolae_ossuary_entry_monument, serial_shops, shop
D:7:      layout_basic, gammafunk_temple_overflow_claw
D:8:      layout_cave_pools, david_lair_generic
Temple:   hellmonk_temple_of_storms
Lair:1:   cheibrodos_lair_river_kwai, layout_gridlike,
          gammafunk_ghost_hydra_chop, grunt_megastairs_5, lemuel_fruit_tree

Skill      XL: |  1  2  3  4  5  6  7  8  9 10 11 |
---------------+----------------------------------+-----
Axes           | 2 3 4 5 6 7 8 9 10 11 | 11.2
Throwing       | 1 2 |  2.7
Fighting       | 4 6 7 8 9 |  9.0
Dodging        | 2 |  2.2
Armour         | 4 5 6 |  6.2
Shields        | 6 9 10 | 10.0
Invocations    | 1 5 6 |  6.0

Action                   |  1- 3 |  4- 6 |  7- 9 | 10-12 || total
-------------------------+-------+-------+-------+-------++-------
Melee: War axe           |    77 |    75 |   308 |   231 ||   691
Throw: Javelin           |    18 |    34 |    28 |    11 ||    91
       Boomerang         |       |       |    11 |    34 ||    45
Invok: Heroism           |       |       |       |    14 ||    14
  Use: Scroll            |     3 |    10 |     8 |     2 ||    23
       Potion            |     1 |     3 |     2 |       ||     6
Armor: Scale mail        |    16 |       |       |       ||    16
       Chain mail        |    27 |    47 |   229 |   109 ||   412
Dodge: Dodged            |    26 |    29 |   121 |    74 ||   250
Block: Buckler           |    13 |    21 |    53 |       ||    87
       Kite shield       |       |       |     8 |   111 ||   119

Table legend:
 A = Non-vault XP
 B = Vault XP
 C = Vault XP percentage of total XP
 D = Non-vault monster count
 E = Vault monster count
 F = Vault count percentage of total count
                 A         B        C        D         E       F
            +---------+---------+-------+---------+---------+-------
      Total |   11335 |    6201 |  35.4 |     180 |      44 |  19.6
            +---------+---------+-------+---------+---------+-------
        D:1 |      26 |       0 |   0.0 |      15 |       0 |   0.0
        D:2 |      56 |       0 |   0.0 |      13 |       0 |   0.0
        D:3 |      71 |      54 |  43.2 |      21 |       3 |  12.5
        D:4 |     750 |      99 |  11.7 |      14 |       1 |   6.7
        D:5 |     816 |       0 |   0.0 |      31 |       0 |   0.0
        D:6 |    1406 |    3954 |  73.8 |      25 |      19 |  43.2
        D:7 |     642 |       0 |   0.0 |       8 |       0 |   0.0
        D:8 |    2357 |    1062 |  31.1 |      33 |       4 |  10.8
     Lair:1 |    5211 |     247 |   4.5 |      20 |       2 |   9.1
    Ossuary |       0 |     785 | 100.0 |       0 |      15 | 100.0
            +---------+---------+-------+---------+---------+-------
